 Dungeon Crawl Stone Soup version 0.28-a0-119-ga52ba8600a (webtiles) character file.

Game seed: 2209269966358122146

437 pokeman the Magician (level 6, -1/34 HPs)
             Began as a Deep Elf Hedge Wizard on Aug 13, 2021.
             Slain by an orc (3 damage)
             ... on level 5 of the Dungeon.
             The game lasted 00:11:02 (5940 turns).

pokeman the Magician (Deep Elf Hedge Wizard)        Turns: 5940, Time: 00:11:02

Health: -1/34      AC:  2    Str:  7    XL:     6   Next: 69%
Magic:  3/27       EV: 12    Int: 21    God:
Gold:   151        SH:  0    Dex: 12    Spells: 7/19 levels left

rFire   . . .      SeeInvis .   s - +1 battleaxe "Hutixkyt" {vorpal, +Rage rC+ rN+ Dex-2}
rCold   + . .      Faith    .   (shield currently unavailable)
rNeg    + . .      Spirit   .   b - +0 robe
rPois   .          Reflect  .   c - +0 hat
rElec   .          Harm     .   (no cloak)
rCorr   +          Rampage  .   (no gloves)
Will    .....                   (no boots)
Stlth   ++........              (no amulet)
HPRegen 0.11/turn               k - ring of resist corrosion
MPRegen 0.20/turn               q - ring of magical power

@: very slightly contaminated
A: no striking features
a: Evoke Berserk Rage


You were on level 5 of the Dungeon.
You visited 1 branch of the dungeon, and saw 5 of its levels.

You collected 151 gold pieces.

Inventory:

Hand Weapons
 o - the +3 hunting sling of Axtuotz {vorpal, rPois rCorr}
   (You took it off a goblin on level 4 of the Dungeon)

   Any ammunition fired from it inflicts extra damage upon your enemies.
   rPois:     It protects you from poison.
   rCorr:     It protects you from acid and corrosion.
 s - the +1 battleaxe "Hutixkyt" (weapon) {vorpal, +Rage rC+ rN+ Dex-2}
   (You found it on level 4 of the Dungeon)

   It inflicts extra damage upon your enemies.
   Dex:       It affects your dexterity (-2).
   rC:        It protects you from cold.
   rN:        It protects you from negative energy.
   +Rage:     It lets you go berserk.
 t - a +0 longbow
Missiles
 h - 52 bolts
 r - 83 sling bullets
 y - a throwing net
Armour
 b - a +0 robe (worn)
 c - a +0 hat (worn)
Jewellery
 k - a ring of resist corrosion (left hand)
 q - a ring of magical power (right hand)
Wands
 x - a wand of flame (17)
Scrolls
 a - 2 scrolls of immolation {unknown}
 e - a scroll of enchant armour {unknown}
 f - 5 scrolls of identify {unknown}
 g - 2 scrolls of teleportation {unknown}
 i - a scroll of silence {unknown}
 p - a scroll of magic mapping {unknown}
 u - a scroll of torment {unknown}
 w - a scroll of noise {unknown}
Potions
 d - a potion of might {unknown}
 j - 2 potions of curing {unknown}
 l - a potion of magic {unknown}
 m - a potion of brilliance {unknown}
 n - a potion of ambrosia {unknown}
 v - a potion of flight {unknown}


   Skills:
 + Level 1.3 Fighting
 - Level 1.0 Armour
 - Level 3.0 Dodging
 - Level 3.0 Stealth
 * Level 7.3 Spellcasting
 + Level 3.4 Conjurations
 - Level 1.1 Summonings
 - Level 1.1 Translocations
 + Level 1.5 Fire Magic
 - Level 1.0 Air Magic
 - Level 1.0 Poison Magic
 - Level 1.0 Evocations


You had 7 spell levels left.
You knew the following spells:

 Your Spells              Type           Power      Damage    Failure   Level
a - Magic Dart            Conj           88%        1d7       1%          1
b - Mephitic Cloud        Conj/Pois/Air  15%        N/A       12%         3
c - Call Imp              Summ           12%        N/A       9%          2
d - Blink                 Tloc           N/A        N/A       9%          2
e - Conjure Flame         Conj/Fire      18%        6-21      10%         3
f - Foxfire               Conj/Fire      72%        2x1d7     3%          1

Your spell library contained the following spells:

 Spells                   Type           Power      Damage    Failure   Level
 Slow                     Hex            7%         N/A       13%         2
 Inner Flame              Hex/Fire       10%        N/A       19%         3
 Summon Lightning Spire   Summ/Air       12%        N/A       50%         4
 Storm Form               Tmut/Air       4%         N/A       100%        7
 Maxwell's Capacitive Co  Air            5%         ∞         100%        8


Dungeon Overview and Level Annotations

Branches:
Dungeon (5/15)
 Temple: D:4-7

Altars:


Message History

You hit the orc.
* * * LOW HITPOINT WARNING * * *
You feel very sick.
The killer bee is engulfed in noxious fumes.
The killer bee appears confused.
The killer bee misses you.
The killer bee barely misses the killer bee.
The killer bee is engulfed in noxious fumes.
The killer bee barely misses you.
The killer bee is engulfed in noxious fumes.
The killer bee appears confused.
The killer bee stings the killer bee.
The killer bee barely misses the killer bee.
The killer bee is engulfed in noxious fumes.
The killer bee stings the killer bee.
The killer bee is engulfed in noxious fumes.
The killer bee appears confused.
The killer bee stings the killer bee.
The killer bee is poisoned.
The killer bee poisons the killer bee!
The killer bee stings itself.
Unknown command.
You feel sick.
Something stings the killer bee.
The killer bee is poisoned.
Something poisons the killer bee!
The killer bee is engulfed in noxious fumes.
The killer bee appears confused.
The killer bee stings the killer bee.
The killer bee is killed!
The killer bee barely misses itself.
The orc misses you.
Unknown command.
You feel sick.
The killer bee stings something.
Something barely misses the killer bee.
The orc hits you but does no damage.
You feel sick.
The killer bee is engulfed in blazing flames.
You kill the killer bee!
You feel sick.
You feel sick.
You feel a bit more experienced.
You feel sick.
You are no longer poisoned.
Casting: Mephitic Cloud (quite dangerous; 12% risk of failure)
Confirm with . or Enter, or press ? or * to list all spells.
A beastly little devil appears in a puff of flame.
The orc hits your crimson imp with a +0 club.
The orc hits you with a +0 hand axe.
You die...

#.# #.# #..#
#.# #..# #.#.#
#..# #.#.# #..#
#.#.# #.$#
#.#.# #..#
#.#.# ##..#
#.#@#
#..†###.#o#
#.#)....#5#
.............o#
.....##########
.... ... .. .


You could see 2 orcs and a friendly crimson imp (summoned).

Vanquished Creatures
  5 killer bees (D:5)
  2 hounds
  2 hound skeletons (D:4)
  4 adders
  4 gnolls (D:4)
  2 worms (D:2)
  4 dart slugs
  An orc (D:5)
  4 ball pythons
  5 endoplasms
  3 giant cockroaches
  8 hobgoblins
  7 jackals (D:3)
  6 quokkas
  5 bats
  7 frilled lizards
  10 goblins
  7 kobolds
  3 rats
89 creatures vanquished.

Vanquished Creatures (others)
  A killer bee (D:5)
  28 foxfires (D:2)
29 creatures vanquished.

Grand Total: 118 creatures vanquished

Notes
Turn   | Place    | Note
-------+----------+-------------------------------------------
     0 | D:1      | pokeman the Deep Elf Hedge Wizard began the quest for the
                  | Orb.
     0 | D:1      | Reached XP level 1. HP: 10/10 MP: 7/7
   493 | D:1      | Reached XP level 2. HP: 15/15 MP: 5/9
  1444 | D:1      | Reached skill level 5 in Spellcasting
  1753 | D:2      | Reached XP level 3. HP: 20/20 MP: 7/11
  1758 | D:2      | Learned a level 3 spell: Mephitic Cloud
  1761 | D:2      | Learned a level 2 spell: Call Imp
  1764 | D:2      | Learned a level 2 spell: Blink
  1768 | D:2      | Learned a level 3 spell: Conjure Flame
  1770 | D:2      | Learned a level 1 spell: Foxfire
  1831 | D:2      | Reached skill level 1 in Fighting
  1831 | D:2      | Reached skill level 1 in Armour
  2095 | D:2      | Reached XP level 4. HP: 25/25 MP: 7/13
  3479 | D:3      | Reached skill level 1 in Fire Magic
  3560 | D:3      | Reached skill level 6 in Spellcasting
  3574 | D:3      | Reached XP level 5. HP: 15/29 MP: 2/15
  4436 | D:4      | Identified the +3 hunting sling of Axtuotz {vorpal, rPois
                  | rCorr}
  4610 | D:4      | Identified the +1 battleaxe "Hutixkyt" {vorpal, +Rage rC+
                  | rN+ Dex-2}
  5172 | D:4      | Reached skill level 1 in Air Magic
  5871 | D:5      | Entered Level 5 of the Dungeon
  5926 | D:5      | Reached skill level 1 in Poison Magic
  5926 | D:5      | Reached skill level 1 in Evocations
  5926 | D:5      | Reached XP level 6. HP: 30/34 MP: 17/17
  5929 | D:5      | Reached skill level 7 in Spellcasting
  5940 | D:5      | Slain by an orc

Illustrated notes

Levels and vault maps discovered:
D:1:      lemuel_arrival_broad_hall, layout_loops_corners,
          hangedman_decor_riveting, hangedman_decor_points
D:2:      layout_loops_cross, kennysheep_flooded_box, minmay_tromino_mix6
D:3:      layout_basic
D:4:      layout_loops_corners
D:5:      layout_basic, minmay_stone_trees_small, minmay_checkerbox

Skill      XL: |  1  2  3  4  5  6 |
---------------+-------------------+-----
Spellcasting   | 5 6 7 |  7.3
Fighting       | 1 |  1.3
Armour         | 1 |  1.0
Conjurations   | 2 3 |  3.4
Fire Magic     | 1 |  1.5
Dodging        | 3 |  3.0
Air Magic      | 1 |  1.0
Stealth        | 3 |  3.0
Poison Magic   | 1 |  1.0
Evocations     | 1 |  1.0
Summonings     | |  1.1
Translocations | |  1.1

Action                   |  1- 3 |  4- 6 || total
-------------------------+-------+-------++-------
Melee: Dagger            |    10 |       ||    10
       War axe           |       |    20 ||    20
       Battleaxe         |       |     5 ||     5
 Cast: Magic Dart        |    79 |   138 ||   217
       Foxfire           |    15 |       ||    15
       Mephitic Cloud    |       |     9 ||     9
       Call Imp          |       |     3 ||     3
       Conjure Flame     |       |     2 ||     2
 Stab: Confused          |       |     1 ||     1
Armor: Robe              |     2 |    10 ||    12
Dodge: Dodged            |    19 |    49 ||    68

Table legend: (Time is in decaauts)
 A = Elapsed time spent in this place.
 B = Non-inter-level travel time spent in this place.
 C = Inter-level travel time spent in this place.
 D = Time resting spent in this place.
 E = Time spent auto-exploring this place.
 F = Levels seen in this place.
 G = Mean time per level.
                   A        B        C        D        E       F      G
               +--------+--------+--------+--------+--------+-----+--------+
         Total |   5952 |   5736 |    216 |     90 |   5110 |   5 | 1190.4 |
       Dungeon |   5952 |   5736 |    216 |     90 |   5110 |   5 | 1190.4 |
               +--------+--------+--------+--------+--------+-----+--------+

Top non-repeatable levels by time:
     D:1: 1593 daAuts
     D:2: 1523 daAuts
     D:4: 1416 daAuts
     D:3: 1348 daAuts
     D:5: 70 daAuts
